 Dungeon Crawl Stone Soup version 0.19.1 (webtiles) character file.

38150 heranbago the Carver (level 13, -15/112 HPs)
             Began as a Minotaur Fighter on Dec 2, 2016.
             Was a Priest of Makhleb.
             Demolished by Frances
             ... wielding a +3 scimitar of holy wrath
              (19 damage)
             ... on level 14 of the Dungeon on Dec 3, 2016.
             The game lasted 03:31:41 (18900 turns).

heranbago the Carver (Minotaur Fighter)            Turns: 18900, Time: 03:31:48

Health: -15/112    AC: 12    Str: 22    XL:     13   Next: 62%
Magic:  21/21      EV: 23    Int:  5    God:    Makhleb [***...]
Gold:   745        SH: 12    Dex: 14    Spells: 0 memorised, 12 levels left

rFire  . . .     SeeInvis .     o - +9 long sword (freeze)
rCold  + . .     Gourm    .     E - +3 leather armour {rC+}
rNeg   . . .     Faith    .     P - +0 shield
rPois  .         Spirit   .     (helmet restricted)
rElec  .         Reflect  .     M - +1 cloak
rCorr  .         Harm     +     r - +2 pair of gloves
MR     .....                    (no boots)
Stlth  +++.......               d - amulet of harm
                                R - +4 ring of evasion
                                O - +4 ring of evasion

@: drained
A: retaliatory headbutt, horns 2
a: Minor Destruction, Lesser Servant of Makhleb, Renounce Religion


You were on level 14 of the Dungeon.
You worshipped Makhleb.
Makhleb was most pleased with you.
You were not hungry.

You visited 4 branches of the dungeon, and saw 21 of its levels.

You collected 1214 gold pieces.
You spent 469 gold pieces at shops.

Inventory:

Hand Weapons
 o - a +9 long sword of freezing (weapon)
Missiles
 D - a javelin (quivered)
 N - a throwing net
Armour
 b - a +0 cloak
 r - a +2 pair of gloves (worn)
 E - a +3 leather armour of cold resistance (worn)
 M - a +1 cloak (worn)
 P - a +0 shield (worn)
Jewellery
 d - an amulet of harm (around neck)
 i - an uncursed ring of wizardry
 H - an uncursed ring of ice
 O - a +4 ring of evasion (left hand)
 R - a +4 ring of evasion (right hand)
Wands
 m - a wand of lightning (7/15)
 n - a wand of lightning (1/15)
 q - a wand of slowing (10/48)
 t - a wand of paralysis (3/24)
 y - a wand of polymorph (8/24)
 z - a wand of enslavement (5/24)
 I - a wand of hasting (6/9)
 K - a wand of acid (7/15)
 L - a wand of paralysis (8/24)
 U - a wand of flame (18/48)
 X - a wand of confusion (12/48)
Scrolls
 h - 4 scrolls of magic mapping
 j - 6 scrolls of remove curse
 k - 3 scrolls of identify
 B - 2 scrolls of blinking
 C - a scroll of recharging {unknown}
 G - a scroll of fog
 J - 3 scrolls of immolation
 Q - a scroll of vulnerability {unknown}
 V - a scroll of silence {unknown}
 Z - a scroll of fear
Potions
 a - a potion of cancellation {unknown}
 e - a potion of brilliance {unknown}
 f - a potion of flight {unknown}
 g - a potion of ambrosia {unknown}
 l - 2 potions of haste
 s - 3 potions of agility
 u - 3 potions of resistance
 v - 5 potions of curing
 x - a potion of beneficial mutation {unknown}
 F - 2 potions of invisibility
 S - a potion of cure mutation {unknown}
Miscellaneous
 c - a sack of spiders
Comestibles
 p - 2 bread rations
 w - 11 beef jerkies
 A - 10 meat rations
 T - 6 fruits
 Y - 11 royal jellies


   Skills:
 + Level 9.6(9.3) Fighting
 + Level 13.0(12.6) Long Blades
 + Level 6.8(6.5) Throwing
 + Level 7.7(7.3) Armour
 + Level 8.1(7.7) Dodging
 + Level 5.3(5.0) Stealth
 + Level 9.6(9.3) Shields
 - Level 12.1(11.7) Invocations
 + Level 4.2(3.9) Evocations


You had 12 spell levels left.
You didn't know any spells.

Dungeon Overview and Level Annotations

Branches:
Dungeon (14/15)            Temple (1/1) D:6            Lair (5/6) D:11
 Shoals (1/4) Lair:3          Orc (0/2) D:10         Vaults (0/5) D:14
  Snake: Lair:2-4    Spider: Lair:2-4     Slime: Lair:5-6

Altars:
Ashenzari
Cheibriados
Dithmenos
Elyvilon
Fedhas
Gozag
Hepliaklqana
Kikubaaqudgha
Makhleb
Nemelex Xobeh
Okawaru
Qazlal
Ru
Sif Muna
Trog
Uskayaw
Vehumet
Xom
Yredelemnul
Zin
The Shining One

Shops:
D:4 *   D:7 ?   D:8 *   D:10 ?

Annotations:
D:2 1 exclusion
D:6 Blork the orc
D:10 Erolcha
D:14 Frances
Lair:4 1 exclusion


Innate Abilities, Weirdness & Mutations

You reflexively headbutt those who attack you in melee.
You have a pair of horns on your head.


Message History

The orange demon hits your ufetubus.
Your ufetubus looks weaker.
Your ufetubus closely misses the red devil.
Your ufetubus hits the red devil but does no damage.
Evoke which item? (* to show all) (? for menu, Esc to quit)
Zapping:
L - a wand of paralysis (9/24)
Press: ? - help, Shift-Dir - straight line, p - Frances Frances resists with almost no effort.
This wand has 8 charges left.
Frances hits you with a scimitar of holy wrath!!
* * * LOW HITPOINT WARNING * * *
The red devil hits you from afar with a demon trident of draining!
* * * LOW HITPOINT WARNING * * *
You feel drained.
* * * LOW HITPOINT WARNING * * *
Your ufetubus hits the orange demon.
Your ufetubus hits the orange demon but does no damage.
Your worker ant barely misses Frances.
Your ufetubus misses the red devil.
Your ufetubus hits the red devil but does no damage.
Frances hits you with a scimitar of holy wrath!
You die...

#.......#
#...#
.....
#.......#
#...#
.....
#....>..#
#...#
.....
#.......#
#...#
.....
#....)..#
#...#
.....
#.......#
#...#
.....
#.......#
#...#
.....
#..###..#
#...#
.....
#..# #.@#
#.4.#
...##
#..# #.@#


#ycp# #..# #..# #4a# #aZF# #..# #..# #55# #.@.# #..#######..###.4# #p..#
#........!...(#35####...# #.... ...)..)...(5......c..... #...
...##.((5^5.##...o..F.) #..# ...# ##...(.####..####.. You could see Frances, an
orange demon, a red devil, a friendly ynoxinul, a friendly worker ant and 6
friendly ufetubi.

Vanquished Creatures
  Rupert (Lair:4)
  The ghost of Mandevil the Cleaver, a journeyman HuFi of the Shining One (Lair:2)
  A merfolk impaler (Shoals:1)
  Fannar (Lair:2)
  3 vault guards (D:14)
  Harold (Lair:2)
  2 centaur warriors (D:14)
  A catoblepas (Lair:3)
  Sonja (D:11)
  4 hill giants
  A deep elf mage (D:13)
  A cyclops (D:12)
  3 elephants (Lair:3)
  2 centaur zombies
  A centaur skeleton (D:13)
  3 spiny frogs
  A rime drake (Lair:1)
  9 komodo dragons
  2 trolls (D:11)
  2 polar bears (D:13)
  A harpy skeleton (D:13)
  5 hippogriffs
  2 slime creatures (D:13)
  A meliai zombie (D:12)
  2 shadows
  A water elemental (D:11)
  4 wyverns
  A wraith (D:11)
  17 yaks
  Eustachio (D:6)
  A hungry ghost (D:6)
  A naga (Lair:4)
  A soldier ant (D:11)
  7 water moccasins
  7 porcupines
  5 black bears
  5 ice beasts
  4 sky beasts
  2 orc warriors
  2 phantoms
  2 necrophages
  A boggart (D:14)
  6 ogres
  24 wolves
  8 centaurs
  9 crocodiles
  8 bullfrogs
  A gnoll sergeant (D:8)
  3 scorpions
  A killer bee (D:11)
  9 wights
  4 electric eels
  3 crimson imps
  A bullfrog zombie (D:13)
  10 hounds
  A quasit (D:5)
  4 jellies
  8 orc priests
  A wyvern simulacrum (D:13)
  3 bullfrog skeletons
  A gnoll shaman (D:8)
  An iguana (D:13)
  8 orc wizards
  5 worker ants
  Jessica (D:3)
  A bullfrog simulacrum (D:13)
  A hound skeleton (D:10)
  12 gnolls
  A howler monkey skeleton (D:11)
  14 adders
  2 shadow imps
  A white imp (D:13)
  An ufetubus (D:13)
  2 oozes
  An adder zombie (D:6)
  2 worms
  3 dart slugs
  6 leopard geckos
  36 orcs
  8 bats
  9 giant cockroaches
  4 goblins
  4 hobgoblins
  6 jackals
  8 kobolds
  5 quokkas
  2 ball pythons
  4 frilled lizards (D:3)
  2 jackal skeletons
  6 rats
  4 fungi
  6 plants
385 creatures vanquished.

Vanquished Creatures (collateral kills)
  Snorg (D:10)
  A hydra (D:14)
  Urug (D:10)
  Nergalle (Lair:2)
  An elephant (Lair:3)
  A spiny frog (Lair:1)
  A redback zombie (D:13)
  A hornet (D:11)
  A meliai (D:14)
  A slime creature (D:13)
  2 hippogriffs
  A centaur simulacrum (D:13)
  5 yaks
  2 basilisks
  2 hungry ghosts
  A soldier ant (D:11)
  A naga (Lair:4)
  A porcupine (Lair:1)
  An orc warrior (D:9)
  A sky beast (D:10)
  A necrophage (D:11)
  5 wolves
  2 centaurs (D:14)
  2 bullfrogs
  5 killer bees (D:11)
  A bullfrog zombie (D:13)
  A crimson imp (D:11)
  2 orc wizards (D:11)
  A hound (D:11)
  An iguana (D:11)
  2 worker ants
  An adder (D:11)
  2 ufetubi (D:13)
  4 orcs
  A jackal (D:11)
  A fungus (Lair:1)
59 creatures vanquished.

Vanquished Creatures (others)
  A slime creature (D:13)
1 creature vanquished.

Grand Total: 445 creatures vanquished

Notes
Turn   | Place    | Note
-------+----------+-------------------------------------------
     0 | D:1      | heranbago the Minotaur Fighter began the quest for the Orb.
     0 | D:1      | Reached XP level 1. HP: 19/19 MP: 0/0
   271 | D:1      | Reached XP level 2. HP: 23/27 MP: 1/1
   666 | D:1      | Reached XP level 3. HP: 33/33 MP: 2/2
   741 | D:2      | Reached skill level 3 in Long Blades
   901 | D:2      | Noticed an orc warrior
   941 | D:2      | Found a burning altar of Makhleb.
   959 | D:2      | Became a worshipper of Makhleb the Destroyer
  1065 | D:3      | Found a bloodstained altar of Trog.
  1299 | D:2      | Reached XP level 4. HP: 35/40 MP: 3/3
  1759 | D:3      | Reached skill level 4 in Long Blades
  1759 | D:3      | Reached skill level 1 in Dodging
  1893 | D:3      | Reached XP level 5. HP: 46/46 MP: 4/4
  2132 | D:3      | Reached * piety under Makhleb
  2141 | D:3      | Noticed Jessica
  2148 | D:3      | Killed Jessica
  2148 | D:3      | Reached skill level 1 in Throwing
  2249 | D:3      | You fall through a shaft!
  2321 | D:3      | Reached XP level 6. HP: 51/52 MP: 5/5
  2844 | D:4      | Found a hide-covered altar of Uskayaw.
  3027 | D:5      | Entered Level 5 of the Dungeon
  3045 | D:5      | Noticed a sky beast
  3045 | D:5      | Noticed a water moccasin
  3052 | D:4      | Reached skill level 5 in Long Blades
  3075 | D:4      | Reached skill level 5 in Armour
  3075 | D:4      | Reached skill level 5 in Shields
  3534 | D:4      | Reached XP level 7. HP: 53/60 MP: 6/6
  3733 | D:4      | Found Emnal's General Store.
  3736 | D:4      | Bought a scroll of torment for 105 gold pieces
  3736 | D:4      | Bought a potion of might for 56 gold pieces
  3970 | D:5      | Reached ** piety under Makhleb
  3970 | D:5      | Reached skill level 1 in Evocations
  4175 | D:5      | Reached skill level 1 in Stealth
  4175 | D:5      | Reached skill level 1 in Invocations
  4501 | D:5      | Reached skill level 6 in Long Blades
  4501 | D:5      | Reached XP level 8. HP: 65/67 MP: 8/8
  4818 | D:5      | Found a deep blue altar of Sif Muna.
  4996 | D:6      | Noticed Blork the orc
  5113 | D:6      | Noticed Eustachio
  5141 | D:6      | Killed Eustachio
  5152 | D:6      | Found a blossoming altar of Fedhas.
  5185 | D:6      | Found a shattered altar of Ashenzari.
  5316 | D:6      | Found a staircase to the Ecumenical Temple.
  5370 | D:6      | Found a white marble altar of Elyvilon.
  5694 | Temple   | Entered the Ecumenical Temple
  5920 | D:7      | Found a shadowy altar of Dithmenos.
  6117 | D:7      | Reached skill level 5 in Fighting
  6151 | D:7      | Reached XP level 9. HP: 61/74 MP: 11/11
  6226 | D:7      | Reached skill level 5 in Invocations
  6472 | D:7      | Reached skill level 7 in Long Blades
  6477 | D:7      | Found Uwniecw's Magic Scroll Shoppe.
  6486 | D:7      | Bought a scroll of magic mapping for 45 gold pieces
  6486 | D:7      | Bought a scroll of identify for 26 gold pieces
  6486 | D:7      | Bought a scroll of identify for 26 gold pieces
  6486 | D:7      | Bought a scroll of enchant armour for 97 gold pieces
  6882 | D:8      | Found Ahataica's Assorted Antiques.
  7152 | D:8      | Found a stormy altar of Qazlal.
  7155 | D:8      | Found a shimmering altar of Xom.
  7203 | D:8      | Found a glowing silver altar of Zin.
  7240 | D:8      | Reached *** piety under Makhleb
  8122 | D:10     | Entered Level 10 of the Dungeon
  8989 | D:11     | Noticed a troll
  8995 | D:11     | Killed a troll
  9109 | D:10     | Reached XP level 10. HP: 81/81 MP: 14/14
  9238 | D:10     | Found a blossoming altar of Fedhas.
  9251 | D:10     | Noticed Snorg
  9251 | D:10     | Noticed Urug
  9267 | D:10     | Found Dapt's Magic Scroll Shop.
  9276 | D:10     | Killed Urug
  9281 | D:10     | Killed Snorg
  9281 | D:10     | Reached skill level 8 in Long Blades
  9615 | D:10     | Bought a scroll of summoning for 114 gold pieces
  9740 | D:10     | Found a staircase to the Orcish Mines.
  9758 | D:10     | Identified the Collected Works on Snow
  9910 | D:10     | Noticed Erolcha
 10423 | D:11     | Noticed a hill giant
 10438 | D:11     | Killed a hill giant
 10438 | D:11     | Reached skill level 5 in Throwing
 10534 | D:11     | Reached skill level 5 in Dodging
 10862 | D:12     | Noticed a hill giant
 11183 | D:11     | Reached skill level 10 in Invocations
 11210 | D:11     | Reached XP level 11. HP: 80/89 MP: 17/17
 11314 | D:11     | Noticed Sonja
 11334 | D:11     | Killed Sonja
 11334 | D:11     | Reached skill level 9 in Long Blades
 11538 | D:11     | Found a staircase to the Lair.
 11551 | Lair:1   | Entered Level 1 of the Lair of Beasts
 12601 | Lair:2   | Noticed Nergalle
 12656 | Lair:2   | Noticed a spectral orc warlord
 12657 | Lair:2   | Noticed a spectral orc warlord
 13255 | D:12     | Killed a hill giant
 13910 | D:12     | Noticed a hill giant
 13914 | D:12     | Killed a hill giant
 14065 | D:13     | Reached skill level 10 in Long Blades
 14107 | D:13     | Reached XP level 12. HP: 97/97 MP: 20/20
 14198 | D:13     | Reached **** piety under Makhleb
 14436 | D:13     | Reached skill level 11 in Long Blades
 14503 | D:14     | Noticed a vault guard
 14503 | D:14     | Noticed Frances
 14507 | D:14     | Noticed a centaur warrior
 14512 | D:14     | Noticed a vault guard
 14513 | D:14     | Noticed a centaur warrior
 14515 | D:14     | Noticed an eight-headed hydra
 14515 | D:14     | Noticed a vault guard
 14515 | D:14     | Killed an eight-headed hydra
 15295 | Lair:2   | Noticed Mandevil's ghost (journeyman HuFi)
 15615 | Lair:2   | Killed Nergalle
 15870 | Lair:2   | Noticed Fannar
 15893 | Lair:2   | Killed Fannar
 16076 | Lair:2   | Killed Mandevil's ghost
 16247 | Lair:2   | Noticed Harold
 16267 | Lair:2   | Killed Harold
 16584 | Lair:2   | Reached skill level 12 in Long Blades
 16730 | Lair:3   | Noticed a catoblepas
 16752 | Lair:3   | Killed a catoblepas
 17024 | Lair:3   | Reached XP level 13. HP: 111/111 MP: 21/21
 17164 | Lair:3   | Found a staircase to the Shoals.
 17209 | Shoals:1 | Entered Level 1 of the Shoals
 17211 | Shoals:1 | Noticed a merfolk impaler
 17217 | Shoals:1 | Killed a merfolk impaler
 18057 | Lair:4   | Noticed Rupert
 18118 | Lair:4   | Killed Rupert
 18819 | D:14     | Reached skill level 5 in Stealth
 18872 | D:14     | Found a gate to the Vaults.
 18893 | D:14     | Reached skill level 13 in Long Blades
 18900 | D:14     | HP: 4/112 [red devil/demon trident of draining[Frances] (2)]
 18900 | D:14     | Demolished by Frances

Skill      XL: |  1  2  3  4  5  6  7  8  9 10 11 12 13 |
---------------+----------------------------------------+-----
Shields        | 4 5 6 7 8 9 |  9.6
Fighting       | 4 5 6 9 |  9.6
Long Blades    | 3 4 5 6 7 8 10 12 13 | 13.0
Armour         | 4 5 6 7 |  7.7
Dodging        | 1 2 3 4 5 7 8 |  8.1
Throwing       | 1 2 3 4 5 6 |  6.8
Evocations     | 2 3 4 |  4.2
Stealth        | 1 2 3 4 5 |  5.3
Invocations    | 1 4 7 10 12 | 12.1

Action                   |  1- 3 |  4- 6 |  7- 9 | 10-12 | 13-15 || total
-------------------------+-------+-------+-------+-------+-------++-------
Melee: Long sword        |    71 |    91 |       |   262 |    80 ||   504
       Headbutt          |    16 |    23 |    47 |   112 |    31 ||   229
       Falchion          |       |    46 |   215 |   127 |       ||   388
Throw: Stone             |     5 |     6 |       |       |       ||    11
       Tomahawk          |     1 |    28 |    68 |    44 |       ||   141
       Javelin           |       |     3 |       |    11 |    16 ||    30
       Throwing net      |       |       |       |     1 |     3 ||     4
Invok: Minor Destruction |       |       |   137 |   272 |    71 ||   480
       Lesser Servant of |       |       |     6 |    30 |    12 ||    48
       Major Destruction |       |       |       |     4 |       ||     4
Evoke: Wand              |       |     2 |     5 |    10 |     3 ||    20
       Sack of spiders   |       |       |       |     1 |     1 ||     2
       Phantom mirror    |       |       |       |     1 |       ||     1
  Use: Scroll            |       |     2 |    12 |    23 |     3 ||    40
       Potion            |       |     1 |     4 |     7 |       ||    12
 Stab: Paralysed         |       |     1 |     5 |     1 |       ||     7
       Sleeping          |       |       |     1 |     1 |       ||     2
       Distracted        |       |       |       |     6 |     6 ||    12
       Invisible         |       |       |       |     1 |       ||     1
  Eat: Chunk             |     1 |     3 |     4 |    11 |       ||    19
       Bread ration      |       |     1 |     3 |     3 |     1 ||     8
       Royal jelly       |       |       |     1 |       |       ||     1
       Pizza             |       |       |     1 |     3 |       ||     4
Armor: Scale mail        |    39 |    35 |       |       |       ||    74
       Leather armour    |       |    13 |    53 |    63 |     6 ||   135
Dodge: Dodged            |    17 |    35 |    82 |   247 |    73 ||   454
Block: Shield            |    38 |    56 |    91 |   185 |    47 ||   417
       Rpst.: Long sword |     4 |     6 |       |    48 |    15 ||    73
       Falchion          |       |     1 |    15 |    16 |       ||    32
